 Dungeon Crawl Stone Soup version 0.31-a0-1321-g5021b54cb2 (webtiles) character file.

Game seed: 3738165149145401075

804 Rennog the Ruffian (level 7, -1/51 HPs)
             Began as a Gnoll Wanderer on Dec 21, 2023.
             Slain by a water moccasin (6 damage)
             ... on level 5 of the Dungeon.
             The game lasted 00:06:56 (4181 turns).

Rennog the Ruffian (Gnoll Wanderer)                 Turns: 4181, Time: 00:06:57

Health: -1/51      AC:  9    Str: 22 (25) XL:     7   Next: 91%
Magic:  13/13      EV:  9    Int:  7 (8)  God:
Gold:   259        SH:  0    Dex: 10 (12) Spells: 13/14 levels left

rFire   . . .        s - +0 hand axe (elec)
rCold   . . .        (no shield)
rNeg    + . .        m - +0 chain mail
rPois   .            (no helmet)
rElec   .            (no cloak)
rCorr   .            (no gloves)
SInv    .            (no boots)
Will    .....        (no amulet) Stlth
                     n - ring "Qups" {+Blink Fly rN+ Dex+3}
HPRegen 0.28/turn    B - +6 ring of strength
MPRegen 0.13/turn

%: no passive effects
@: lethally poisoned (-1 -> -7), about to teleport, flying, hasted, very quick
A: fangs 1, strong nose, distributed training
a: Evoke Blink


You were on level 5 of the Dungeon.
You visited 1 branch of the dungeon, and saw 5 of its levels.
You also visited: Sewer.

You collected 259 gold pieces.

Inventory:

Hand Weapons
 a - a +0 club
 s - a +0 hand axe of electrocution (weapon)
Missiles
 x - a throwing net
Armour
 e - a +0 leather armour
 m - a +0 chain mail (worn)
Jewellery
 n - the ring "Qups" (left hand) {+Blink Fly rN+ Dex+3}
   (You found it on level 2 of the Dungeon)

   [ring of flight]

   Dex+3:     It affects your dexterity (+3).
   rN+:       It protects you from negative energy.
   Fly:       It grants you flight.
   +Blink:    It lets you blink.
 B - a +6 ring of strength (right hand)
Talismans
 t - a flux talisman
Wands
 c - a wand of polymorph (3)
Scrolls
 b - 3 scrolls of fear
 g - a scroll of revelation {unknown}
 p - a scroll of fog {unknown}
 q - 2 scrolls of immolation
 u - 2 scrolls of butterflies
 w - a scroll of teleportation
 y - a scroll of enchant weapon {unknown}
 A - a scroll of brand weapon {unknown}
Potions
 d - a potion of berserk rage
 f - a potion of invisibility
 h - a potion of cancellation {unknown}
 j - 2 potions of haste
 k - a potion of attraction {unknown}
 l - 2 potions of heal wounds {unknown}
 o - 2 potions of degeneration
 r - 2 potions of lignification {unknown}
 v - a potion of mutation {unknown}
 z - a potion of might {unknown}
 C - a potion of resistance {unknown}
 D - a potion of magic {unknown}


   Skills:
 + Level 2.9 Fighting
 + Level 2.9 Short Blades
 + Level 2.9 Long Blades
 + Level 2.9 Axes
 + Level 2.9 Maces & Flails
 + Level 2.9 Polearms
 + Level 2.9 Staves
 + Level 2.9 Ranged Weapons
 + Level 2.9 Throwing
 + Level 2.9 Armour
 + Level 3.9 Dodging
 + Level 3.8 Stealth
 + Level 2.9 Shields
 + Level 7.2 Unarmed Combat
 + Level 4.1 Spellcasting
 + Level 2.3 Conjurations
 + Level 2.3 Hexes
 + Level 6.0 Summonings
 + Level 2.3 Necromancy
 + Level 2.3 Translocations
 + Level 2.3 Fire Magic
 + Level 2.3 Ice Magic
 + Level 2.3 Air Magic
 + Level 2.3 Earth Magic
 + Level 2.3 Alchemy
 + Level 3.2 Invocations
 + Level 3.9 Evocations
 + Level 2.6 Shapeshifting


You had 13 spell levels left.
You knew the following spells:

 Your Spells              Type           Power      Damage    Failure   Level
a - Summon Small Mammal   Summ           36%        N/A       17%         1

Your spell library contained the following spells:

 Spells                   Type           Power      Damage    Failure   Level
 Magic Dart               Conj           16%        1d3       61%         1
 Summon Guardian Golem    Hex/Summ       7%         N/A       73%         3
 Searing Ray              Conj           8%         2d4       75%         2
 Fulminant Prism          Conj/Alch      2%         3d5       100%        4


Dungeon Overview and Level Annotations

Branches:
Dungeon (5/15)              Sewer (visited)
 Temple: D:4-7

Altars:

Annotations:
D:5 Sigmund


Innate Abilities, Weirdness & Mutations

You have very sharp teeth.
Your uncanny sense of smell can sniff out nearby items.
Your experience applies equally to all skills.


Message History

You slash the water moccasin!
The water moccasin is heavily wounded.
You closely miss the quokka.
You feel ready to blink again. The water moccasin bites you.
The quokka barely misses you.
Sigmund mumbles some strange words.
Sigmund flickers and vanishes!
Deactivating autopickup; reactivate with Ctrl-A.
The water moccasin barely misses you.
You miss the water moccasin.
The water moccasin is heavily wounded.
You hit the quokka. The quokka barely misses you. The water moccasin bites you!
You are poisoned.
The water moccasin poisons you!
The quokka bites you but does no damage.
Unknown command.
As you read the scroll of fear, it crumbles to dust.
You assume a fearsome visage.
The water moccasin looks frightened!
The shadow imp looks frightened!
The sleepcap is unaffected.
The quokka looks frightened!
The scorpion looks frightened!
You feel very sick.
Cornered, the water moccasin turns to fight!
Unknown command.
You feel yourself speed up.
You feel very sick.
The water moccasin bites you but does no damage.
The water moccasin closely misses you.
It was a potion of degeneration.
There was something very wrong with that liquid.
You feel weakened.
You feel dopey.
You feel clumsy.
You feel sick. The water moccasin barely misses you.
As you read the scroll of identify, it crumbles to dust.
w - 2 scrolls of teleportation You feel sick.
The water moccasin closely misses you.
As you read the scroll of teleportation, it crumbles to dust.
You feel strangely unstable.
You feel sick. The sleepcap releases spores at you.
* * * LOW HITPOINT WARNING * * *
The water moccasin bites you.
You die...

########## #### #@.......#
#.^. ## #Sf...r..# #...
#.. #.#############...
#... #..~~@~~~~~~.##...
#....###..~~~~.~~~~(.#...
∆+....'.'..5~f~5~~~~......
#....###.#############...
#... ### ###. #.. ..


You could see a water moccasin, a sleepcap, a shadow imp (fleeing) and a quokka
(fleeing).

Vanquished Creatures
  An ogre (D:5)
  2 kobold brigands (Sewer)
  2 brain worms (Sewer)
  5 orc priests (D:4)
  An iguana (D:4)
  9 adders
  4 river rats (Sewer)
  A white imp (D:5)
  A worm (D:3)
  3 dart slugs
  22 orcs
  2 endoplasms
  5 giant cockroaches
  5 goblins
  6 hobgoblins
  16 jackals
  6 quokkas
  15 ball pythons
  4 bats
  5 frilled lizards
  7 kobolds
  7 rats
129 creatures vanquished.

Notes
Turn   | Place    | Note
-------+----------+-------------------------------------------
     0 | D:1      | Rennog the Gnoll Wanderer began the quest for the Orb.
     0 | D:1      | Rennog set off with the following items: a +0 club, a
                  | scroll of fear, a wand of polymorph (3), a potion of
                  | berserk rage, a +0 leather armour, a potion of
                  | invisibility; and the following spell memorised: Summon
                  | Small Mammal; and the following spells available to
                  | memorise: Summon Guardian Golem.
     0 | D:1      | Reached XP level 1. HP: 13/13 MP: 4/4
   171 | D:1      | Reached XP level 2. HP: 18/19 MP: 5/5
   714 | D:2      | Identified the ring "Qups" {+Blink Fly rN+ Dex+3}
   914 | D:2      | Reached XP level 3. HP: 24/25 MP: 7/7
  1140 | D:2      | Reached skill level 1 in Invocations
  1178 | D:2      | Reached skill level 1 in Fighting
  1178 | D:2      | Reached skill level 1 in Short Blades
  1178 | D:2      | Reached skill level 1 in Long Blades
  1178 | D:2      | Reached skill level 1 in Axes
  1178 | D:2      | Reached skill level 1 in Maces & Flails
  1178 | D:2      | Reached skill level 1 in Polearms
  1178 | D:2      | Reached skill level 1 in Staves
  1178 | D:2      | Reached skill level 1 in Ranged Weapons
  1178 | D:2      | Reached skill level 1 in Throwing
  1178 | D:2      | Reached skill level 1 in Armour
  1178 | D:2      | Reached skill level 1 in Shields
  1380 | D:2      | Reached skill level 1 in Shapeshifting
  1380 | D:2      | Reached XP level 4. HP: 32/32 MP: 8/8
  1745 | D:3      | Reached skill level 1 in Conjurations
  1745 | D:3      | Reached skill level 1 in Hexes
  1745 | D:3      | Reached skill level 1 in Necromancy
  1745 | D:3      | Reached skill level 1 in Translocations
  1745 | D:3      | Reached skill level 1 in Fire Magic
  1745 | D:3      | Reached skill level 1 in Ice Magic
  1745 | D:3      | Reached skill level 1 in Air Magic
  1745 | D:3      | Reached skill level 1 in Earth Magic
  1745 | D:3      | Reached skill level 1 in Alchemy
  2221 | D:4      | Reached XP level 5. HP: 37/37 MP: 9/9
  2392 | D:4      | Reached XP level 6. HP: 44/44 MP: 9/11
  3137 | D:5      | Entered Level 5 of the Dungeon
  3210 | D:5      | Reached XP level 7. HP: 21/50 MP: 12/12
  3219 | D:5      | Found a glowing drain.
  3222 | D:5      | Reached skill level 7 in Unarmed Combat
  3235 | Sewer    | Entered a sewer
  4138 | D:5      | Noticed Sigmund
  4181 | D:5      | Slain by a water moccasin

Illustrated notes

Levels and vault maps discovered:
D:1:      dpeg_arrival_radiant, layout_basic
D:2:      minmay_skewed_foursquare, layout_basic, hangedman_decor_growths,
          kennysheep_generic_room_7
D:3:      layout_rooms, st_stairs_7, grunt_decor_one_mirror, skrybe_limestone_x,
          serial_bayou_ford_a
D:4:      layout_basic
D:5:      lemuel_ice_spiral_2, layout_basic, portal_sewer_entry_f, serial_shops,
          kennysheep_mini_moat, gammafunk_ghost_arena, uniq_sigmund

Skill      XL: |  1  2  3  4  5  6  7 |
---------------+----------------------+-----
Invocations    | 1 2 3 |  3.2
Fighting       | 1 2 |  2.9
Short Blades   | 1 2 |  2.9
Long Blades    | 1 2 |  2.9
Axes           | 1 2 |  2.9
Maces & Flails | 1 2 |  2.9
Polearms       | 1 2 |  2.9
Staves         | 1 2 |  2.9
Ranged Weapons | 1 2 |  2.9
Throwing       | 1 2 |  2.9
Armour         | 1 2 |  2.9
Shields        | 1 2 |  2.9
Shapeshifting  | 1 2 |  2.6
Spellcasting   | 3 4 |  4.1
Conjurations   | 1 2 |  2.3
Hexes          | 1 2 |  2.3
Necromancy     | 1 2 |  2.3
Translocations | 1 2 |  2.3
Fire Magic     | 1 2 |  2.3
Ice Magic      | 1 2 |  2.3
Air Magic      | 1 2 |  2.3
Earth Magic    | 1 2 |  2.3
Alchemy        | 1 2 |  2.3
Dodging        | 3 |  3.9
Evocations     | 3 |  3.9
Stealth        | 3 |  3.8
Unarmed Combat | 7 |  7.2
Summonings     | 6 |  6.0

Action                     |  1- 3 |  4- 6 |  7- 9 || total
---------------------------+-------+-------+-------++-------
  Melee: Unarmed           |   105 |     6 |       ||   111
         Club              |     3 |       |       ||     3
         Bite              |     8 |    14 |     9 ||    31
         Punch             |     2 |     5 |     4 ||    11
         Hand axe          |       |   178 |   112 ||   290
Ability: Evoke Blink       |       |       |     2 ||     2
    Use: Scroll            |       |       |     6 ||     6
         Potion            |       |       |     2 ||     2
 Armour: Leather armour    |    13 |       |       ||    13
         Chain mail        |    64 |   129 |    93 ||   286
  Dodge: Dodged            |    49 |    88 |    70 ||   207

Table legend: (Time is in decaauts)
 A = Elapsed time spent in this place.
 B = Non-inter-level travel time spent in this place.
 C = Inter-level travel time spent in this place.
 D = Time resting spent in this place.
 E = Time spent auto-exploring this place.
 F = Levels seen in this place.
 G = Mean time per level.
                   A        B        C        D        E       F      G
               +--------+--------+--------+--------+--------+-----+--------+
         Total |   4222 |   4022 |    200 |      0 |   3169 |   6 |  703.7 |
       Dungeon |   3322 |   3122 |    200 |      0 |   2466 |   5 |  664.4 |
         Sewer |    899 |    899 |      0 |      0 |    703 |   1 |  899.0 |
               +--------+--------+--------+--------+--------+-----+--------+

Top non-repeatable levels by time:
     D:4: 1024 daAuts
   Sewer: 899 daAuts
     D:2: 762 daAuts
     D:1: 706 daAuts
     D:3: 700 daAuts
     D:5: 128 daAuts
